AoeStats
← TW_Jerry YT @TW-aoe2noobs

Black Forest

508913443Analyzed
4v4 RM · 8d ago on Sep 24, 2026· 50m 21s· 8 players
Game mode
Random Map
Map size
Large (8 player)
Population
200
Speed
Normal
Resources
Standard
Victory
Conquest
Starting age
Dark Age
Ending age
Imperial Age
RankedLock teamsTeams togetherTeam positionsShared explorationLock speedFull tech treeHidden civsTurbo modeCheats
Victory
Defeat
🇹🇼 Danes · Taiwan
1612
+12
1594
+12
🇹🇼 Spanish · Taiwan
1562
+14
1545
+13
🇩🇪 Huns · Germany
1523
-13
🇧🇷 Sicilians · Brazil
1517
-13
🇪🇸 Vikings · Spain
1505
-13
🇨🇳 Britons · China
1491
-12
Theverat
1:57 Loom
11:28 Feudal Age
15:36 Castle Age
13:51 Horse Collar
15:09 Double-Bit Axe
16:23 Wheelbarrow
17:08 Town Watch
19:15 Bow Saw
23:43 Gold Mining
24:07 Stone Mining
26:14 Bloodlines
26:05 Husbandry
26:36 Scale Barding Armor
26:42 Forging
28:17 Chain Barding Armor
29:35 Light Cavalry
31:04 Fletching
34:50 Imperial Age
33:10 Gold Shaft Mining
33:51 Iron Casting
33:12 Bodkin Arrow
35:00 Cavalier
36:17 Plate Barding Armor
37:04 Blast Furnace
37:06 Paladin
39:29 Two-Man Saw
38:32 Heavy Plow
39:00 Conscription
38:57 Bracer
40:01 Chemistry
39:13 Masonry
39:19 Hussar
40:29 Hand Cart
41:49 Padded Archer Armor
42:10 Caravan
42:21 Guilds
47:23 Coinage
48:54 Banking
50:07 Ballistics
Im_Lex
10:51 Feudal Age
15:18 Castle Age
13:05 Double-Bit Axe
15:08 Horse Collar
16:20 Bow Saw
19:10 Heavy Plow
19:46 Stone Mining
20:21 Gold Mining
28:32 Imperial Age
25:48 Loom
25:49 Town Watch
26:06 Scale Mail Armor
26:16 Forging
27:48 Squires
28:15 Chain Mail Armor
28:36 Iron Casting
29:42 Conscription
29:16 Elite Berserk
30:46 Crop Rotation
30:44 Arson
32:10 Coinage
32:34 Plate Mail Armor
33:05 Blast Furnace
33:55 Bogsveigar
34:02 Chieftains
39:07 Banking
41:04 Caravan
41:20 Town Patrol
42:00 Ballistics
42:40 Chemistry
42:22 Bogsveigar
43:44 Gold Shaft Mining
43:22 Masonry
42:52 Treadmill Crane
48:36 Hoardings
47:56 Fletching
48:06 Padded Archer Armor
duckdowN
0:31 Loom
12:20 Feudal Age
18:43 Castle Age
18:11 Horse Collar
18:18 Double-Bit Axe
19:52 Bow Saw
20:13 Heavy Plow
24:07 Town Watch
25:27 Wheelbarrow
25:53 Gold Mining
25:55 Stone Mining
27:10 Hand Cart
32:12 Imperial Age
31:02 Scale Mail Armor
31:12 Forging
31:48 Gold Shaft Mining
31:20 Caravan
33:04 Chain Mail Armor
33:25 Iron Casting
33:07 Heavy Scorpion
35:42 Fletching
36:23 Plate Mail Armor
36:57 Blast Furnace
37:13 Man-at-Arms
37:54 Squires
37:39 Gambesons
37:41 Arson
39:10 Crop Rotation
39:04 Conscription
39:20 Hoardings
38:10 Long Swordsman
38:39 Onager
40:11 Two-Handed Swordsman
41:26 Siege Onager
42:34 Capped Ram
44:44 Champion
46:32 Siege Ram
48:47 Masonry
超级硬邦邦
0:46 Loom
10:55 Feudal Age
15:44 Castle Age
14:02 Double-Bit Axe
15:16 Fletching
17:19 Bow Saw
17:41 Horse Collar
26:03 Imperial Age
23:50 Gold Mining
24:16 Bodkin Arrow
25:51 Wheelbarrow
25:04 Town Watch
25:45 Padded Archer Armor
26:57 Gold Shaft Mining
26:59 Ballistics
28:03 Bracer
28:50 Stone Mining
31:50 Leather Archer Armor
32:00 Conscription
34:06 Ring Archer Armor
34:39 Chemistry
34:15 Heavy Plow
34:52 Elite Longbowman
34:59 Elite Longbowman
39:51 Elite Skirmisher
42:13 Yeomen
43:04 Two-Man Saw
43:23 Siege Engineers
46:08 Warwolf
48:23 Coinage
47:55 Caravan
48:26 Coinage
48:07 Guilds
TW_元元之抱歉太帥了
0:35 Loom
9:42 Feudal Age
10:21 Double-Bit Axe
14:19 Horse Collar
17:09 Castle Age
15:55 Horse Collar
18:53 Bow Saw
22:59 Wheelbarrow
23:35 Gold Mining
24:13 Stone Mining
25:10 Hand Cart
26:12 Gold Shaft Mining
30:06 Imperial Age
27:52 Padded Archer Armor
27:43 Fletching
27:57 Squires
28:11 Forging
28:11 Heavy Plow
28:20 Bodkin Arrow
29:06 Scale Mail Armor
29:43 Iron Casting
29:32 Ballistics
29:10 Arson
29:28 Town Watch
30:11 Chain Mail Armor
30:12 Treadmill Crane
30:14 Elite Hearth Troop
30:30 Shield Wall
31:45 Crop Rotation
32:27 Two-Man Saw
32:21 Conscription
32:56 Plate Mail Armor
34:33 Chemistry
33:18 Pikeman
35:20 Guard Tower
35:16 Arrowslits
35:40 Bracer
37:27 Halberdier
38:19 Caravan
38:29 Crossbowman
39:15 Thumb Ring
39:12 Padded Archer Armor
41:33 Town Patrol
42:12 Keep
41:42 Siege Engineers
41:47 Fortified Wall
41:47 Masonry
41:33 Murder Holes
42:13 Redemption
42:20 Block Printing
44:22 Illumination
44:34 Theocracy
43:24 Clerical Recruitment
44:21 Arbalester
45:25 Leather Archer Armor
47:43 Sanctity
51:14 Architecture
游樂比(ULB)
11:14 Feudal Age
15:06 Castle Age
13:40 Double-Bit Axe
13:38 Horse Collar
16:20 Bow Saw
24:07 Wheelbarrow
23:20 Town Watch
25:16 Gold Mining
28:44 Imperial Age
26:43 Scale Mail Armor
26:04 Man-at-Arms
26:44 Squires
26:31 Gambesons
26:57 Arson
27:26 Forging
28:14 Gold Shaft Mining
27:01 Long Swordsman
28:24 Chain Mail Armor
28:59 Iron Casting
28:35 Hamask
28:47 Two-Handed Swordsman
29:52 Conscription
30:03 Plate Mail Armor
29:28 Capped Ram
30:14 Heavy Plow
30:19 Champion
31:41 Onager
34:03 Blast Furnace
33:01 Northmen's Fury
33:27 Siege Ram
36:05 Siege Onager
36:13 Pikeman
37:47 Caravan
38:05 Siege Engineers
TW_KA
1:02 Loom
12:09 Feudal Age
16:24 Castle Age
19:34 Town Watch
20:02 Fletching
22:23 Padded Archer Armor
31:52 Wheelbarrow
33:00 Double-Bit Axe
33:04 Horse Collar
34:33 Bloodlines
34:25 Husbandry
34:38 Scale Barding Armor
34:44 Forging
37:21 Gold Mining
38:47 Wheelbarrow
42:56 Imperial Age
41:41 Chain Barding Armor
42:03 Bow Saw
42:02 Heavy Plow
43:48 Iron Casting
43:14 Cavalier
44:56 Plate Barding Armor
45:52 Two-Man Saw
44:52 Paladin
46:32 Hand Cart
46:24 Stone Mining
48:35 Blast Furnace
TW_Jerry YT @TW-aoe2noobs
10:58 Feudal Age
14:30 Castle Age
12:28 Double-Bit Axe
12:37 Horse Collar
15:44 Bow Saw
16:11 Heavy Plow
18:42 Loom
21:04 Wheelbarrow
22:50 Wheelbarrow
22:48 Stone Mining
22:51 Gold Mining
25:20 Fletching
25:30 Padded Archer Armor
28:25 Imperial Age
26:19 Hand Cart
27:07 Bodkin Arrow
27:28 Leather Archer Armor
27:34 Ballistics
27:32 Thumb Ring
27:51 Husbandry
28:01 Bloodlines
29:37 Drill
29:39 Conscription
30:37 Chemistry
29:06 Capped Ram
30:33 Siege Engineers
30:19 Siege Ram
31:23 Bracer
32:39 Parthian Tactics
33:22 Elite Mangudai
35:17 Onager
37:36 Masonry
37:41 Siege Onager
42:51 Caravan
45:29 Nomads
45:29 Light Cavalry
Connection lost

Rejoining the realm…

Still unreachable

The connection could not be restored.

Session expired

The server has moved on; the page needs a fresh start.